Map: Catalyst LE

Players

axu - Winner!

  • Race: Protoss Protoss
  • League: Platinum
  • Spawn Location: 11:00

SaMyDe

  • Race: Protoss Protoss
  • League: Platinum
  • Spawn Location: 5:00

VOD

Have the link to the VOD?

Description

Time

  • Played on: March 7, 2018, 8:33 a.m.
  • Length: 4:06
Show
View Real Time Build Order
Export as new Build Order

axu Protoss - Winner!

Build Orders:  

Get SALT Encoding   

  12  0:02  Probe  
  13  0:14  Probe  
  13  0:19  Pylon  
  14  0:26  Probe  
  15  0:43  Probe  
  15  0:48  Gateway  
  16  0:55  Probe (Chrono Boost)  
  17  0:57  Assimilator  
  17  1:04  Assimilator  
  17  1:06  Probe (Chrono Boost)  
  18  1:13  Gateway, Probe (Chrono Boost)  
  19  1:25  Probe  
  20  1:44  Probe  
  20  1:45  Cybernetics Core  
  21  1:48  Pylon  
  20  1:59  Probe (Chrono Boost)  
  23  2:22  Adept  
  23  2:23  Adept  
  23  2:26  Probe  
  26  2:30  Stargate  
  26  2:39  Probe  
  27  2:46  Nexus  
  27  2:58  Probe  
  28  3:10  Probe  
  28  3:12  Gateway  
  29  3:15  Gateway  
Show
View Real Time Build Order
Export as new Build Order

SaMyDe Protoss 

Build Orders:  

Get SALT Encoding   

  12  0:00  Probe  
  13  0:13  Probe  
  14  0:18  Pylon  
  14  0:25  Probe  
  15  0:37  Probe  
  15  0:38  Gateway  
  16  0:49  Probe  
  17  0:50  Assimilator  
  17  1:01  Probe  
  18  1:13  Probe  
  18  1:14  Assimilator  
  19  1:19  Gateway  
  19  1:26  Cybernetics Core  
  19  1:30  Probe  
  20  1:42  Probe  
  21  1:54  Probe  
  22  2:04  Warp Gate  
  22  2:06  Probe  
  23  2:15  Nexus  
  23  2:30  Pylon  
  23  2:37  Pylon  
  23  2:44  Robotics Facility  
  23  2:53  Pylon  
  23  2:55  Probe (Chrono Boost)  
  24  3:03  Stalker  
  24  3:05  Probe (Chrono Boost)  
  27  3:11  Stalker  
  29  3:14  Probe  
  30  3:26  Probe  
  24  3:53  Probe (Chrono Boost)  
Tags
 
Matchup
PvP
Spawn Locations
Cross Positions
Add a new tag
Caveats
  • Supply blocks, unpowered buildings, or Contaminate may cause inaccurate times.
  • Supply counts are checked every 10 seconds.